 Dungeon Crawl Stone Soup version 0.24.0-123-gd5b16e6ec5 (webtiles) character file.

Game seed: 3412764666508685203, levelgen mode: deterministic

462 Curus the Chopper (level 7, -1/57 HPs)
             Began as a Hill Orc Abyssal Knight on Feb 3, 2020.
             Was a Believer of Lugonu.
             Slain by a scorpion (3 damage)
             ... on level 6 of the Dungeon.
             The game lasted 00:19:34 (3917 turns).

Curus the Chopper (Hill Orc Abyssal Knight)         Turns: 3917, Time: 00:19:35

Health: -1/57      AC:  9    Str: 15    XL:     7   Next: 7%
Magic:  12/12      EV:  9    Int: 10    God:    Lugonu [**....]
Gold:   179        SH:  0    Dex: 12    Spells: 6/6 levels left

rFire    + . .     SeeInvis .   l - +0 war axe
rCold    . . .     Gourm    .   (no shield)
rNeg     . . .     Faith    .   d - +1 scale mail
rPois    .         Spirit   .   e - +0 hat
rElec    .         Reflect  .   n - +0 cloak
rCorr    .         Harm     .   (no gloves)
MR       .....                  (no boots)
Stlth    ..........             (no amulet)
HPRegen  0.19/turn              g - ring of protection from fire
MPRegen  0.13/turn              (no ring)

@: no status effects
A: dopey 1, shaggy fur 1
a: Depart the Abyss, Bend Space, Renounce Religion


You were on level 6 of the Dungeon.
You worshipped Lugonu.
Lugonu was pleased with you.
You were hungry.

You visited 1 branch of the dungeon, and saw 6 of its levels.
You visited the Abyss 1 time.

You collected 179 gold pieces.

Inventory:

Hand Weapons
 a - a +1 hand axe
 l - a +0 war axe (weapon)
 m - a +0 hand axe of freezing
Armour
 b - a +0 leather armour
 d - a +1 scale mail (worn)
 e - a +0 hat (worn)
 n - a +0 cloak (worn)
Jewellery
 g - a ring of protection from fire (left hand)
Scrolls
 f - 2 scrolls of amnesia
 i - 2 scrolls of teleportation
 j - 5 scrolls of identify
 k - 2 scrolls of remove curse
 o - a scroll of enchant armour
Potions
 h - a potion of curing
Comestibles
 c - 9 rations


   Skills:
 - Level 3.6 Fighting
 + Level 7.1 Axes
 - Level 2.1 Armour
 - Level 0.7 Dodging
 + Level 7.0 Invocations


You had 6 spell levels left.
You didn't know any spells.
Your spell library was empty.

Dungeon Overview and Level Annotations

Branches:
Dungeon (6/15)
 Temple: D:4-7

Altars:
Qazlal
Ru
Sif Muna
Vehumet
Wu Jian

Shops:
D:4 (


Innate Abilities, Weirdness & Mutations

You are dopey. (Int -2)
You are covered in fur. (AC +1)


Message History

The orc wizard hits you but does no damage.
The orc wizard gestures wildly while chanting.
The orc wizard blinks!
The orc wizard gestures wildly while chanting.
The orc wizard blinks!
There is a stone staircase leading down here.
The orc wizard points at you and mumbles some strange words.
The magic dart hits you!
* * * LOW HITPOINT WARNING * * *
You climb downwards.
A leopard gecko, a scorpion and a crimson imp come into view.
The crimson imp shouts!
The leopard gecko hisses angrily.
There is a stone staircase leading up here.
You hit the leopard gecko but do no damage.
The leopard gecko bites you.
* * * LOW HITPOINT WARNING * * *
The crimson imp blinks!
You closely miss the leopard gecko. You hit the scorpion.
The leopard gecko barely misses you. The scorpion stings you.
You die...

### #@#
...ยง..s.l......
###.###.#####.#
#.# ..# ###


You could see a scorpion and a leopard gecko.

Vanquished Creatures
  A phantom (D:5)
  2 howler monkeys
  A bullfrog zombie (D:5)
  An orc priest (D:5)
  A hound (D:5)
  A bullfrog skeleton (D:5)
  An orc wizard (D:5)
  4 adders
  2 oozes
  A worm (D:2)
  A dart slug (D:3)
  10 orcs
  7 giant cockroaches
  9 goblins
  6 hobgoblins
  21 jackals
  A quokka (D:5)
  A ball python (D:1)
  10 bats
  2 frilled lizards (D:1)
  6 kobolds
  4 rats
93 creatures vanquished.

Notes
Turn   | Place    | Note
-------+----------+-------------------------------------------
     0 | Abyss:1  | Curus the Hill Orc Abyssal Knight began the quest for the
                  | Orb.
     0 | Abyss:1  | Reached XP level 1. HP: 19/19 MP: 2/2
    48 | Abyss:1  | Found a corrupted altar of Lugonu.
    93 | Abyss:1  | Noticed a smoke demon
   102 | D:1      | Escaped the Abyss
   176 | D:1      | Reached XP level 2. HP: 17/26 MP: 4/4
   409 | D:1      | Gained mutation: You are dopey. (Int -2) [potion of
                  | mutation]
   409 | D:1      | Gained mutation: You are covered in fur. (AC +1) [potion of
                  | mutation]
   451 | D:1      | Reached * piety under Lugonu
   451 | D:1      | Reached XP level 3. HP: 25/31 MP: 5/5
   856 | D:2      | Found a radiant altar of Vehumet.
  1157 | D:2      | Found an ornate altar of the Wu Jian Council.
  1525 | D:2      | Reached XP level 4. HP: 39/39 MP: 7/7
  2113 | D:3      | Reached skill level 5 in Axes
  2113 | D:3      | Reached XP level 5. HP: 36/45 MP: 8/8
  2122 | D:3      | Reached skill level 5 in Invocations
  2396 | D:3      | Found a shimmering blue altar of Sif Muna.
  2519 | D:3      | Reached ** piety under Lugonu
  2522 | D:3      | Found a sacrificial altar of Ru.
  2869 | D:4      | Found Qyvek's Weapon Boutique.
  3440 | D:5      | Entered Level 5 of the Dungeon
  3500 | D:5      | Reached XP level 6. HP: 38/51 MP: 10/10
  3586 | D:5      | Found a stormy altar of Qazlal.
  3600 | D:5      | Noticed a phantom
  3649 | D:5      | Killed a phantom
  3879 | D:5      | Reached XP level 7. HP: 40/57 MP: 12/12
  3916 | D:6      | HP: 2/57 [leopard gecko (3)]
  3917 | D:6      | Slain by a scorpion

Levels and vault maps discovered:
D:1:      tarquinn_simple_flora_water_b, layout_rooms
D:2:      layout_loops_corners, lemuel_round_altar, vehumet_crystals,
          minmay_fractal_squares_gapless_5
D:3:      layout_rooms, lemuel_blue_sif_altar, nicolae_ru_awakened_eye
D:4:      layout_loops_corners, first_ration, serial_shops,
          nicolae_shop_window_shopping
D:5:      layout_layer_cave, old_standard_altar, chequers_mini_garden
D:6:      layout_basic, minmay_temple_entry_glass, fedhas_ov_isle_minmay

Skill      XL: |  1  2  3  4  5  6  7 |
---------------+----------------------+-----
Axes           | 3 4 5 6 7 |  7.1
Invocations    | 3 4 6 7 |  7.0
Fighting       | |  3.6
Armour         | |  2.1
Dodging        | |  0.7

Action                   |  1- 3 |  4- 6 |  7- 9 || total
-------------------------+-------+-------+-------++-------
Melee: Hand axe          |   159 |    97 |       ||   256
       War axe           |       |    91 |    13 ||   104
Invok: Depart the Abyss  |     1 |       |       ||     1
  Use: Potion            |     3 |     3 |       ||     6
       Scroll            |     9 |     1 |       ||    10
  Eat: Ration            |     1 |       |       ||     1
       Chunk             |       |     6 |       ||     6
Armor: Scale mail        |    89 |   100 |     8 ||   197
Dodge: Dodged            |    95 |   103 |    12 ||   210
